 Seeded DCSS version 0.30.0-5-g1a98f26d00 (webtiles) character file.

Game seed: 8273583496444820923 (custom seed)

15223 hbarley the Cleaver (level 12, 0/105 HPs)
             Began as a Hill Orc Fighter on May 11, 2023.
             Was the Champion of Uskayaw.
             Slain by a torpor snail (9 damage)
             ... on level 3 of the Lair of Beasts.
             The game lasted 00:24:08 (12148 turns).

hbarley the Cleaver (Hill Orc Fighter)             Turns: 12148, Time: 00:24:09

Health: 0/105      AC: 17    Str: 33    XL:     12   Next: 24%
Magic:  12/12      EV: 31    Int:  8    God:    Uskayaw [******]
Gold:   383        SH:  4    Dex:  6    Spells: 11/11 levels left

rFire   + + .        Q - +9 lance "Wyrmbane" {slay drac, rPois rF+ rC+ AC+3}
rCold   + + .        c - +0 buckler
rNeg    + + .        s - +4 ring mail
rPois   +            (no helmet)
rElec   .            A - scarf of Quxid {rC+ rF+, rN++ Str+3 Dex-4}
rCorr   .            j - +1 pair of gloves
SInv    .            m - +0 pair of boots
Will    .....        K - amulet of the acrobat
Stlth   ++           M - +5 ring of evasion
HPRegen 0.37/turn    y - +6 ring of strength
MPRegen 0.13/turn

%: acrobat
@: mighty, acrobatic, slowed, very slow
A: no striking features
a: Renounce Religion, Stomp, Line Pass, Grand Finale


You were on level 3 of the Lair of Beasts.
You worshipped Uskayaw.
Uskayaw was noncommittal.
You visited 3 branches of the dungeon, and saw 14 of its levels.

You collected 645 gold pieces.
You spent 262 gold pieces at shops.

Inventory:

Hand Weapons
 a - a +0 war axe
 B - the +8 hand axe "Murmur" {freeze, Dex+3}
   (You found it on level 5 of the Dungeon)

   Dex:       It affects your dexterity (+3).
 Q - the +9 lance "Wyrmbane" (weapon) {slay drac, rPois rF+ rC+ AC+3}
   (You took it off Maggie on level 9 of the Dungeon)

   AC:        It affects your AC (+3).
   rF:        It protects you from fire.
   rC:        It protects you from cold.
   rPois:     It protects you from poison.
Missiles
 J - 3 throwing nets (quivered)
Armour
 b - a +0 scale mail
 c - a +0 buckler (worn)
 j - a +1 pair of gloves (worn)
 m - a +0 pair of boots (worn)
 s - a +4 ring mail (worn)
 A - the scarf of Quxid (worn) {rC+ rF+, rN++ Str+3 Dex-4}
   (You found it on level 5 of the Dungeon)

   Str:       It affects your strength (+3).
   Dex:       It affects your dexterity (-4).
   rN:        It greatly protects you from negative energy.
 R - +0 steam dragon scales
Jewellery
 q - an amulet of guardian spirit
 x - a +6 ring of intelligence
 y - a +6 ring of strength (right hand)
 K - an amulet of the acrobat (around neck)
 M - a +5 ring of evasion (left hand)
 P - a ring of ice
 S - a +6 ring of strength
 X - a ring of resist corrosion
Wands
 t - a wand of paralysis (6)
 z - a wand of polymorph (25)
 G - a wand of mindburst (16)
 N - a wand of iceblast (11)
 U - a wand of digging (4)
Scrolls
 f - a scroll of poison {unknown}
 g - a scroll of acquirement {unknown}
 i - 3 scrolls of identify
 k - 3 scrolls of vulnerability
 n - 4 scrolls of fear
 u - a scroll of immolation {unknown}
 v - 5 scrolls of amnesia
 w - a scroll of noise {unknown}
 C - a scroll of magic mapping {unknown}
 D - a scroll of butterflies {unknown}
 I - 3 scrolls of enchant armour
 L - a scroll of fog {unknown}
 O - a scroll of enchant weapon {unknown}
 V - 2 scrolls of teleportation {unknown}
 W - a scroll of silence {unknown}
Potions
 d - 3 potions of might
 e - a potion of flight {unknown}
 h - 3 potions of mutation
 l - 2 potions of magic {unknown}
 o - 4 potions of cancellation
 p - 12 potions of curing
 r - a potion of attraction {unknown}
 E - 3 potions of resistance
 F - a potion of brilliance
 H - 2 potions of degeneration {unknown}
 T - a potion of invisibility {unknown}


   Skills:
 + Level 9.6 Fighting
 + Level 12.8(14.3) Axes
 + Level 8.9(11.2) Polearms
 + Level 8.1 Armour
 + Level 5.2 Dodging
 + Level 6.8 Stealth
 + Level 6.7 Shields


You had 11 spell levels left.
You didn't know any spells.
Your spell library contained the following spells:

 Spells                   Type           Power      Damage    Failure   Level
 Sublimation of Blood     Necr           0%         N/A       67%         2
 Wereblood                Tmut           0%         N/A       67%         2
 Inner Flame              Hex/Fire       0%         N/A       88%         3
 Portal Projectile        Hex/Tloc       0%         N/A       88%         3
 Tukima's Dance           Hex            0%         N/A       88%         3
 Vhi's Electric Charge    Tloc/Air       0%         N/A       88%         3
 Passage of Golubria      Tloc           0%         N/A       99%         4
 Petrify                  Tmut/Erth      0%         N/A       99%         4
 Arcjolt                  Conj/Air       0%         1d10      100%        5
 Blade Hands              Tmut           0%         N/A       100%        5
 Metabolic Englaciation   Hex/Ice        0%         N/A       100%        5
 Silence                  Hex/Air        0%         N/A       100%        5
 Yara's Violent Unravell  Hex/Tmut       0%         3d3       100%        5
 Plasma Beam              Fire/Air       0%         2x1d11    100%        6
 Statue Form              Tmut/Erth      0%         N/A       100%        6
 Enfeeble                 Hex            0%         N/A       100%        7
 Summon Hydra             Summ           0%         N/A       100%        7
 Lehudib's Crystal Spear  Conj/Erth      0%         10d2      100%        8


Dungeon Overview and Level Annotations

Branches:
Dungeon (10/15)            Temple (1/1) D:5            Lair (3/5) D:8
  Swamp: Lair:2-3    Shoals: Lair:2-3     Snake: Lair:2-3    Spider: Lair:2-3
    Orc: D:9-12

Altars:
Ashenzari
Cheibriados
Elyvilon
Fedhas
Gozag
Kikubaaqudgha
Okawaru
Qazlal
Sif Muna
Uskayaw
Wu Jian
Xom
Yredelemnul
Zin
The Shining One
Jiyva

Shops:
D:6 =(=*   D:8 *


Message History

a yak corpse; a yak corpse You block the water moccasin's attack.
The water moccasin misses you.
The bullfrog hits you but does no damage.
You block the yak's attack. The yak closely misses you.
You puncture the water moccasin!
You kill the water moccasin!
The bullfrog hits you.
* * * LOW HITPOINT WARNING * * *
The yak gores you.
* * * LOW HITPOINT WARNING * * *
You puncture the yak!
The yak is heavily wounded.
The bullfrog hits you but does no damage.
The yak gores you but does no damage. You block the yak's attack.
The yak completely misses you. The yak closely misses you.
The bullfrog hits you but does no damage.
You feel very mighty all of a sudden. The bullfrog closely misses you.
The yak gores you but does no damage. The yak gores you!
* * * LOW HITPOINT WARNING * * *
The yak gores you but does no damage. The yak closely misses you.
The bullfrog completely misses you.
You barely miss the bullfrog.
The bullfrog is severely wounded.
The bullfrog releases a deep croak.
You block the bullfrog's attack. The yak misses you.
The yak completely misses you. The yak gores you but does no damage.
You block the yak's attack. The torpor snail completely misses you.
You hit the yak.
The yak is severely wounded.
You block the bullfrog's attack. The yak closely misses you. x2
You block the yak's attack. The yak misses you. The bullfrog hits you.
* * * LOW HITPOINT WARNING * * *
You impale the yak!!
You kill the yak!
The torpor snail misses you. The yak misses you. The yak barely misses you.
The yak misses you. You block the bullfrog's attack. The bullfrog misses you.
The yak completely misses you. The torpor snail bites you!
You die...

....### ##..# ....
##.## ... ... #..# ###
####...
###.###.##..#P...
#................
#.#.....†........
................... ...
...........FY?......
#.#####.......YY@....##
..# #..........w....#
...# ##..#######......#
...# #..# .....P.+ ..#
###. .....#.# ..#.#
##........ #..#
#....###. ...# #.....
...#


You could see a torpor snail, 3 yaks and a bullfrog.

Vanquished Creatures
  A hydra (Lair:3)
  3 two-headed ogres
  Amaemon (Lair:1)
  A black mamba (Lair:3)
  An orange demon (Lair:1)
  A gargoyle (D:10)
  2 cane toads (Lair:1)
  Maggie (D:9)
  3 rime drakes
  2 komodo dragons
  3 trolls
  A slime creature (D:10)
  Sigmund (D:3)
  A wraith (D:9)
  A shadow (D:9)
  16 yaks
  A basilisk (Lair:2)
  A wyvern (Lair:2)
  A steam dragon (D:9)
  7 water moccasins
  2 black bears (D:8)
  An orc warrior (D:8)
  An ice beast (D:7)
  2 sky beasts (D:7)
  6 wolves (Lair:2)
  2 ogres
  2 centaurs
  3 phantoms
  12 bullfrogs
  A gnoll sergeant (D:4)
  5 necrophages (Lair:2)
  5 scorpions
  5 wights (D:7)
  3 killer bees (D:10)
  A howler monkey (D:8)
  2 hounds
  4 jellies
  2 gnoll boudas
  4 orc priests
  10 orc wizards
  Terence (D:2)
  3 iguanas
  2 sleepcaps
  Ijyb (D:3)
  A scorpion zombie (D:3)
  19 gnolls
  4 adders
  A shadow imp (D:8)
  3 white imps
  An adder zombie (D:3)
  3 worms
  24 orcs
  12 ball pythons
  8 endoplasms
  4 giant cockroaches
  10 goblins
  6 hobgoblins
  4 jackals (D:1)
  6 quokkas
  A ball python zombie (D:3)
  8 bats
  2 frilled lizards (D:2)
  4 kobolds
  5 rats
255 creatures vanquished.

Vanquished Creatures (others)
  A human (D:4)
1 creature vanquished.

Grand Total: 256 creatures vanquished

Notes
Turn   | Place    | Note
-------+----------+-------------------------------------------
     0 | D:1      | hbarley the Hill Orc Fighter began the quest for the Orb.
     0 | D:1      | Reached XP level 1. HP: 19/19 MP: 1/1
   128 | D:1      | Reached XP level 2. HP: 27/27 MP: 2/2
   635 | D:1      | Reached skill level 3 in Axes
   635 | D:1      | Reached XP level 3. HP: 33/33 MP: 3/3
  1228 | D:2      | Reached XP level 4. HP: 40/40 MP: 4/4
  1333 | D:3      | Noticed Terence
  1345 | D:2      | Killed Terence
  1482 | D:3      | Found a faded altar of an unknown god.
  1492 | D:3      | Reached skill level 4 in Axes
  1610 | D:3      | Reached XP level 5. HP: 46/46 MP: 5/5
  1614 | D:3      | Found a basalt altar of Yredelemnul.
  1763 | D:3      | Noticed Sigmund
  1779 | D:3      | Killed Sigmund
  1780 | D:3      | Reached skill level 5 in Axes
  1780 | D:3      | Reached skill level 1 in Dodging
  1780 | D:3      | Reached XP level 6. HP: 30/53 MP: 6/6
  2027 | D:3      | Reached skill level 6 in Axes
  2352 | D:3      | Noticed Ijyb
  2354 | D:3      | Paralysed by Ijyb for 4 turns
  2367 | D:3      | Killed Ijyb
  2464 | D:5      | Entered Level 5 of the Dungeon
  2577 | D:4      | Reached XP level 7. HP: 58/60 MP: 7/7
  2606 | D:4      | Reached skill level 7 in Axes
  2838 | D:4      | Reached skill level 5 in Fighting
  3036 | D:4      | Reached skill level 8 in Axes
  3036 | D:4      | Reached skill level 5 in Armour
  3141 | D:4      | Found an ancient bone altar of Kikubaaqudgha.
  3142 | D:4      | Noticed a human
  3146 | D:4      | Killed a human
  3834 | D:5      | Found a staircase to the Ecumenical Temple.
  3840 | Temple   | Entered the Ecumenical Temple
  3859 | Temple   | Became a worshipper of Uskayaw the Reveller
  3896 | D:5      | Reached * piety under Uskayaw
  3900 | D:5      | Reached XP level 8. HP: 55/68 MP: 5/8
  3963 | D:6      | Found Boesokkoy's Jewellery Emporium.
  3963 | D:6      | Found Riettiel's Antique Weapon Emporium.
  3963 | D:6      | Found Tounoref's Jewellery Emporium.
  4017 | D:5      | Found a glowing golden altar of the Shining One.
  4024 | D:5      | Reached ** piety under Uskayaw
  4034 | D:5      | Reached *** piety under Uskayaw
  4036 | D:5      | Reached skill level 9 in Axes
  4114 | D:5      | Identified the scarf of Quxid {rC+ rF+, rN++ Str+3 Dex-4}
  4130 | D:5      | Identified the +8 hand axe "Murmur" {freeze, Dex+3}
  4315 | D:5      | Reached **** piety under Uskayaw
  4322 | D:5      | Reached ***** piety under Uskayaw
  4342 | D:5      | Reached skill level 1 in Stealth
  4746 | D:6      | Found a shimmering blue altar of Sif Muna.
  4769 | D:6      | Noticed a two-headed ogre
  4780 | D:6      | Killed a two-headed ogre
  4781 | D:6      | Reached skill level 10 in Axes
  4781 | D:6      | Reached skill level 5 in Shields
  4781 | D:6      | Reached XP level 9. HP: 27/75 MP: 1/9
  5248 | D:6      | Found Iho Weic's CLEARANCE SALE!.
  5256 | D:6      | Bought a wand of polymorph (10) for 98 gold pieces
  5256 | D:6      | Bought a scroll of identify for 14 gold pieces
  5653 | D:6      | Found an ornate altar of the Wu Jian Council.
  5692 | D:6      | Reached skill level 11 in Axes
  5950 | D:6      | Noticed a spectral centipede
  6052 | D:7      | Found a faded altar of an unknown god.
  6052 | D:7      | You fall into a shaft and drop 3 floors!
  6052 | D:10     | Entered Level 10 of the Dungeon
  6063 | D:10     | Found an iron altar of Okawaru.
  6120 | D:8      | Found an opulent altar of Gozag.
  6804 | D:8      | Reached XP level 10. HP: 84/86 MP: 10/10
  6812 | D:8      | Reached skill level 12 in Axes
  7008 | D:8      | Reached ****** piety under Uskayaw
  7011 | D:8      | Reached skill level 5 in Stealth
  7292 | D:8      | Found a staircase to the Lair.
  7555 | D:8      | Found Ylaejiag's Assorted Antiques.
  7566 | D:8      | Bought a notched marble ring for 150 gold pieces
  7709 | D:9      | Noticed Maggie
  7723 | D:9      | Killed Maggie
  8123 | D:9      | Reached skill level 1 in Polearms
  8595 | D:10     | Found a viscous altar of Jiyva.
  8853 | D:10     | Reached XP level 11. HP: 94/94 MP: 11/11
  8895 | D:10     | Noticed a two-headed ogre
  8905 | D:10     | Killed a two-headed ogre
  9397 | D:10     | Found a shimmering altar of Xom.
  9621 | D:10     | Noticed a two-headed ogre
  9630 | D:10     | Killed a two-headed ogre
  9631 | D:10     | Reached skill level 5 in Polearms
  9899 | Lair:1   | Entered Level 1 of the Lair of Beasts
 10057 | Lair:1   | Noticed Amaemon
 10075 | Lair:1   | Killed Amaemon
 11739 | Lair:2   | Reached XP level 12. HP: 91/104 MP: 12/12
 11901 | Lair:3   | Noticed a four-headed hydra
 11914 | Lair:3   | Killed a four-headed hydra
 11915 | Lair:3   | Reached skill level 5 in Dodging
 12148 | Lair:3   | Slain by a torpor snail

Illustrated notes

Levels and vault maps discovered:
D:1:      dpeg_arrival_renting, layout_loops_ring, minmay_misc_feat_plants
D:2:      layout_rooms
D:3:      layout_loops_ring, nicolae_yredelemnul_corpse_copse,
          ebering_ecumenical_altar_rust, dreamdust_princess_corridor,
          uniq_sigmund, uniq_terence, uniq_ijyb
D:4:      layout_basic, tgw_kikubaaqudgha, serial_forest,
          infiniplex_forest_clump_large, infiniplex_forest_clump_tiny,
          infiniplex_forest_lined_3, infiniplex_forest_lined_corner,
          infiniplex_forest_clump_tiny, infiniplex_forest_straight_4,
          infiniplex_forest_lined_room_3, infiniplex_forest_clump_cross
D:5:      layout_loops_ring, nicolae_overflow_hidden_temple,
          minmay_temple_entry_overgrown
D:6:      layout_layer_cave, pdpol_wu_jian_five_deadly_venoms,
          mainiacjoe_overflow_brackets, nicolae_shop_distant_corner_stores,
          chequers_decorated_corner, nicolae_shop_clearance
D:7:      layout_cave_pools, serial_column_ruins, column_ruins_temple_circle,
          column_ruins_columns_corner, column_ruins_grid_1, column_ruins_grid_1,
          column_ruins_open_small, column_ruins_grid_1,
          chequers_serial_rivers_micro_e
D:8:      layout_basic, mainiacjoe_overflow_24_doors,
          grunt_lair_entry_orc_guard_hut, serial_shops,
          nicolae_shop_overgrown_old_shop, minmay_checkerbox
D:9:      layout_gridville, uniq_maggie
D:10:     layout_rooms, nicolae_overflow_crystal_walls,
          overflow_temple_1_default, enter_bailey_5, st_stairs_10,
          minmay_misc_feat_nine_boxes, interstate_on_off, jiyva_altar_1
Temple:   eino_temple_water
Lair:1:   layout_gridlike, grunt_megastairs_3, uniq_amaemon
Lair:2:   layout_layer_cave, roderic_carrion_pond
Lair:3:   layout_chaotic_city, minmay_swamp_entry_reptiles, dummy_snake_entry,
          grunt_megastairs_1, uniq_kirke, uniq_gastronok

Skill      XL: |  1  2  3  4  5  6  7  8  9 10 11 12 |
---------------+-------------------------------------+-----
Fighting       | 4 5 6 7 8 9 |  9.6
Axes           | 3 4 5 6 8 10 11 12 | 12.8
Shields        | 4 5 6 |  6.7
Armour         | 4 5 6 7 8 |  8.1
Dodging        | 1 2 3 4 5 |  5.2
Stealth        | 2 3 5 6 |  6.8
Polearms       | 3 8 |  8.9

Action                     |  1- 3 |  4- 6 |  7- 9 | 10-12 || total
---------------------------+-------+-------+-------+-------++-------
  Melee: War axe           |   103 |   101 |   184 |       ||   388
         Hand axe          |       |       |   106 |    48 ||   154
         Lance             |       |       |       |   322 ||   322
    Use: Scroll            |       |       |       |     8 ||     8
         Potion            |       |       |       |     1 ||     1
   Stab: Distracted        |     1 |       |       |       ||     1
         Paralysed         |       |       |    17 |    20 ||    37
         Sleeping          |       |       |       |     3 ||     3
 Armour: Scale mail        |    59 |    50 |       |       ||   109
         Ring mail         |       |    17 |   128 |   150 ||   295
  Dodge: Dodged            |    53 |    40 |   129 |   366 ||   588
  Block: Buckler           |    38 |    28 |    53 |    81 ||   200
